 Dungeon Crawl Stone Soup version 0.30-a0-737-gf23d94013f (webtiles) character file.

Game seed: 4528831734236885723

221 TheGassyGnoll the Spear-Bearer (level 5, 0/38 HPs)
             Began as a Gnoll Wanderer on Feb 2, 2023.
             Slain by a bullfrog (5 damage)
             ... on level 4 of the Dungeon.
             The game lasted 00:07:10 (2096 turns).

TheGassyGnoll the Spear-Bearer (Gnoll Wanderer)     Turns: 2096, Time: 00:07:11

Health: 0/38       AC:  0    Str: 13    XL:     5   Next: 98%
Magic:  19/19      EV:  9    Int: 12    God:
Gold:   145        SH:  0    Dex: 11    Spells: 9/10 levels left

rFire   . . .      SeeInvis .    q - +0 trident
rCold   . . .      Faith    .    (no shield)
rNeg    . . .      Spirit   .    n - +0 scale mail
rPois   .          Reflect  .    (no helmet)
rElec   .          Harm     .    (no cloak)
rCorr   .          Rampage  .    r - +0 pair of gloves
Will    .....                    (no boots) Stlth
                                 (no amulet)
HPRegen 0.26/turn                c - ring of magical power
MPRegen 0.16/turn                (no ring)

@: corroded
A: fangs 1, strong nose, distributed training
a: no special abilities


You were on level 4 of the Dungeon.
You visited 1 branch of the dungeon, and saw 5 of its levels.

You collected 145 gold pieces.

Inventory:

Hand Weapons
 a - a +2 spear
 g - a +0 whip of venom
 q - a +0 trident (weapon)
Missiles
 o - 5 poisoned darts
Armour
 m - a +0 leather armour
 n - a +0 scale mail (worn)
 r - a +0 pair of gloves (worn)
Jewellery
 c - a ring of magical power (left hand)
Wands
 b - a wand of polymorph (6)
Scrolls
 h - 3 scrolls of identify
 i - a scroll of brand weapon {unknown}
 k - a scroll of fog {unknown}
 p - 2 scrolls of enchant weapon {unknown}
 s - a scroll of immolation {unknown}
Potions
 d - a potion of attraction
 e - a potion of cancellation {unknown}
 f - a potion of curing
 j - a potion of resistance {unknown}
 l - a potion of berserk rage {unknown}


   Skills:
 + Level 1.8 Fighting
 + Level 1.8 Short Blades
 + Level 1.8 Long Blades
 + Level 1.8 Axes
 + Level 1.8 Maces & Flails
 + Level 8.7 Polearms
 + Level 1.8 Staves
 + Level 1.8 Ranged Weapons
 + Level 1.8 Throwing
 + Level 1.8 Armour
 + Level 1.8 Dodging
 + Level 1.8 Stealth
 + Level 1.8 Shields
 + Level 1.8 Unarmed Combat
 + Level 3.3 Spellcasting
 + Level 1.4 Conjurations
 + Level 1.4 Hexes
 + Level 1.4 Summonings
 + Level 1.4 Necromancy
 + Level 1.4 Translocations
 + Level 1.4 Transmutations
 + Level 1.4 Fire Magic
 + Level 2.5 Ice Magic
 + Level 1.4 Air Magic
 + Level 1.4 Earth Magic
 + Level 1.4 Poison Magic
 + Level 5.0 Invocations
 + Level 4.9 Evocations


You had 9 spell levels left.
You knew the following spells:

 Your Spells              Type           Power      Damage    Failure   Level
a - Freeze                Ice            32%        1d5       36%         1

Your spell library contained the following spells:

 Spells                   Type           Power      Damage    Failure   Level
 Slow                     Hex            20%        N/A       52%         1
 Ensorcelled Hibernation  Hex/Ice        12%        N/A       58%         2
 Passwall                 Tmut/Erth      4%         N/A       67%         2
 Ozocubu's Armour         Ice            8%         N/A       75%         3
 Confusing Touch          Hex            5%         N/A       88%         3
 Swiftness                Air            5%         N/A       88%         3
 Vampiric Draining        Necr           5%         2d6       88%         3


Dungeon Overview and Level Annotations

Branches:
Dungeon (5/15)
 Temple: D:4-7

Altars:
Cheibriados
Makhleb


Innate Abilities, Weirdness & Mutations

You have very sharp teeth.
Your uncanny sense of smell can sniff out nearby items.
Your experience applies equally to all skills.


Message History

The goblin moves out of view.
A yak comes into view.
The steam dragon hisses angrily.
The yak moves out of view.
The bullfrog attacks as you move away! The bullfrog closely misses you.
A ball python comes into view.
Found a stone staircase leading down.
The ball python hisses angrily.
The bullfrog hits you!
Found a fizzy emerald potion.
Your magical contamination has completely faded away.
The bullfrog attacks as you move away! The bullfrog closely misses you.
The bullfrog hits you!
Found a burning altar of Makhleb.
The ball python misses you. The ball python grabs you.
The ball python constricts you.
You escape the ball python's grasp.
The bullfrog attacks as you move away! The bullfrog hits you.
The bullfrog hits you!
* * * LOW HITPOINT WARNING * * *
The bullfrog attacks as you move away! The bullfrog barely misses you.
The white imp sputters.
The bullfrog hits you.
* * * LOW HITPOINT WARNING * * *
The bullfrog barely misses you. The bullfrog hits you.
* * * LOW HITPOINT WARNING * * *
The ball python closely misses you. The ball python misses you.
It was a potion of curing.
You feel better. The bullfrog closely misses you. The ball python bites you.
* * * LOW HITPOINT WARNING * * *
The ball python misses you.
Okay, then.
A ball python comes into view.
The bullfrog completely misses you.
The ball python attacks as you move away!
The ball python misses you. The bullfrog hits you.
* * * LOW HITPOINT WARNING * * *
You hit the ball python but do no damage.
The bullfrog hits you.
You die...

............## ...##
#.........#..# ....#
#............### ....#
#.........._...## ....#
#................ ...#
############................
...##............S5........8.....
.................F.D.............
......... .#...S@#######.......+
......... #.....# #..._...#
#..###.. #.....# ###D....#
#..##### ####### #.....#
......... #.....# .........
#D....# ......(.. ####.#.>...
......... ∆ ###....#!....
......... ##...#.#.#.#..


You could see a steam dragon, a bullfrog, a white imp and 2 ball pythons.

Vanquished Creatures
  A hound (D:4)
  Jessica (D:3)
  3 orc wizards
  3 adders
  A worm (D:2)
  7 orcs
  2 bats (D:2)
  2 endoplasms (D:1)
  3 giant cockroaches
  3 goblins
  8 hobgoblins
  2 jackals (D:1)
  3 quokkas
  5 ball pythons
  6 frilled lizards
  5 kobolds
  3 rats
58 creatures vanquished.

Notes
Turn   | Place    | Note
-------+----------+-------------------------------------------
     0 | D:1      | TheGassyGnoll the Gnoll Wanderer began the quest for the
                  | Orb.
     0 | D:1      | TheGassyGnoll set off with the following items: a +2 spear,
                  | a wand of polymorph (7), a potion of heal wounds, a +0
                  | robe; and the following spell memorised: Freeze; and the
                  | following spells available to memorise: Ozocubu's Armour.
     0 | D:1      | Reached XP level 1. HP: 13/13 MP: 4/4
    67 | D:1      | Reached XP level 2. HP: 15/19 MP: 5/5
   475 | D:1      | Reached XP level 3. HP: 25/25 MP: 7/7
  1058 | D:2      | Reached skill level 1 in Fighting
  1058 | D:2      | Reached skill level 1 in Short Blades
  1058 | D:2      | Reached skill level 1 in Long Blades
  1058 | D:2      | Reached skill level 1 in Axes
  1058 | D:2      | Reached skill level 1 in Maces & Flails
  1058 | D:2      | Reached skill level 1 in Staves
  1058 | D:2      | Reached skill level 1 in Ranged Weapons
  1058 | D:2      | Reached skill level 1 in Throwing
  1058 | D:2      | Reached skill level 1 in Armour
  1058 | D:2      | Reached skill level 1 in Dodging
  1058 | D:2      | Reached skill level 1 in Stealth
  1058 | D:2      | Reached skill level 1 in Shields
  1058 | D:2      | Reached skill level 1 in Unarmed Combat
  1099 | D:2      | Reached XP level 4. HP: 25/32 MP: 6/8
  1410 | D:3      | Noticed Jessica
  1417 | D:3      | Killed Jessica
  1418 | D:3      | Reached skill level 1 in Conjurations
  1418 | D:3      | Reached skill level 1 in Hexes
  1418 | D:3      | Reached skill level 1 in Summonings
  1418 | D:3      | Reached skill level 1 in Necromancy
  1418 | D:3      | Reached skill level 1 in Translocations
  1418 | D:3      | Reached skill level 1 in Transmutations
  1418 | D:3      | Reached skill level 1 in Fire Magic
  1418 | D:3      | Reached skill level 1 in Air Magic
  1418 | D:3      | Reached skill level 1 in Earth Magic
  1418 | D:3      | Reached skill level 1 in Poison Magic
  1433 | D:3      | Reached XP level 5. HP: 28/37 MP: 9/9
  1596 | D:3      | You fall into a shaft and drop 1 floor!
  1820 | D:5      | Entered Level 5 of the Dungeon
  1825 | D:5      | Reached skill level 5 in Invocations
  2070 | D:4      | Found a snail-covered altar of Cheibriados.
  2079 | D:4      | Noticed a steam dragon
  2080 | D:4      | Noticed a yak
  2084 | D:4      | Found a burning altar of Makhleb.
  2087 | D:4      | HP: 1/38 [bullfrog (4)]
  2096 | D:4      | Slain by a bullfrog

Illustrated notes

Levels and vault maps discovered:
D:1:      minmay_arrival_four_houses, layout_loops_ring,
          minmay_misc_feat_hallway
D:2:      layout_loops_ring, kennysheep_generic_room_6
D:3:      layout_loops_ring, shapermc_ecumenical_altar_ellora,
          chequers_serial_rivers_micro_b, uniq_ijyb, uniq_jessica, uniq_robin
D:4:      layout_gridville, grunt_temple_overflow_open, minmay_manual_monstrance
D:5:      layout_basic, temple_statues, serial_shops, shop_fountains

Skill      XL: |  1  2  3  4  5 |
---------------+----------------+-----
Ice Magic      | 2 |  2.5
Fighting       | 1 |  1.8
Short Blades   | 1 |  1.8
Long Blades    | 1 |  1.8
Axes           | 1 |  1.8
Maces & Flails | 1 |  1.8
Staves         | 1 |  1.8
Ranged Weapons | 1 |  1.8
Throwing       | 1 |  1.8
Armour         | 1 |  1.8
Dodging        | 1 |  1.8
Stealth        | 1 |  1.8
Shields        | 1 |  1.8
Unarmed Combat | 1 |  1.8
Spellcasting   | 3 |  3.3
Conjurations   | 1 |  1.4
Hexes          | 1 |  1.4
Summonings     | 1 |  1.4
Necromancy     | 1 |  1.4
Translocations | 1 |  1.4
Transmutations | 1 |  1.4
Fire Magic     | 1 |  1.4
Air Magic      | 1 |  1.4
Earth Magic    | 1 |  1.4
Poison Magic   | 1 |  1.4
Invocations    | 5 |  5.0
Polearms       | |  8.7
Evocations     | |  4.9

Action                     |  1- 3 |  4- 6 || total
---------------------------+-------+-------++-------
  Melee: Spear             |   100 |    30 ||   130
         Bite              |     3 |     6 ||     9
         Punch             |     2 |     1 ||     3
         Trident           |       |    83 ||    83
   Cast: Freeze            |     5 |     1 ||     6
  Evoke: Wand              |       |     1 ||     1
    Use: Potion            |       |     3 ||     3
         Scroll            |       |     1 ||     1
   Stab: Sleeping          |     1 |     1 ||     2
 Armour: Robe              |     6 |       ||     6
         Leather armour    |     1 |       ||     1
         Scale mail        |       |    56 ||    56
  Dodge: Dodged            |    17 |    52 ||    69

Table legend: (Time is in decaauts)
 A = Elapsed time spent in this place.
 B = Non-inter-level travel time spent in this place.
 C = Inter-level travel time spent in this place.
 D = Time resting spent in this place.
 E = Time spent auto-exploring this place.
 F = Levels seen in this place.
 G = Mean time per level.
                   A        B        C        D        E       F      G
               +--------+--------+--------+--------+--------+-----+--------+
         Total |   2041 |   1964 |     77 |    103 |   1259 |   5 |  408.2 |
       Dungeon |   2041 |   1964 |     77 |    103 |   1259 |   5 |  408.2 |
               +--------+--------+--------+--------+--------+-----+--------+

Top non-repeatable levels by time:
     D:1: 761 daAuts
     D:2: 608 daAuts
     D:4: 345 daAuts
     D:3: 181 daAuts
     D:5: 144 daAuts
